%YAML 1.1
%TAG !u! tag:unity3d.com,2011:
--- !u!1 &3992222242618432554
GameObject:
  m_ObjectHideFlags: 0
  m_CorrespondingSourceObject: {fileID: 0}
  m_PrefabInstance: {fileID: 0}
  m_PrefabAsset: {fileID: 0}
  serializedVersion: 6
  m_Component:
  - component: {fileID: 3992222242618432533}
  - component: {fileID: 3992222242618432532}
  - component: {fileID: 3992222242618432534}
  - component: {fileID: 3992222242618432535}
  - component: {fileID: 3992222242618432529}
  m_Layer: 0
  m_Name: Quest
  m_TagString: Untagged
  m_Icon: {fileID: 0}
  m_NavMeshLayer: 0
  m_StaticEditorFlags: 0
  m_IsActive: 1
--- !u!4 &3992222242618432533
Transform:
  m_ObjectHideFlags: 0
  m_CorrespondingSourceObject: {fileID: 0}
  m_PrefabInstance: {fileID: 0}
  m_PrefabAsset: {fileID: 0}
  m_GameObject: {fileID: 3992222242618432554}
  m_LocalRotation: {x: -0, y: -0.084766455, z: -0, w: 0.9964009}
  m_LocalPosition: {x: -254.44603, y: -343.2951, z: -0.33}
  m_LocalScale: {x: 3.599999, y: 3.6, z: 3.599999}
  m_Children: []
  m_Father: {fileID: 0}
  m_RootOrder: 0
  m_LocalEulerAnglesHint: {x: 0, y: 0, z: 0}
--- !u!65 &3992222242618432532
BoxCollider:
  m_ObjectHideFlags: 0
  m_CorrespondingSourceObject: {fileID: 0}
  m_PrefabInstance: {fileID: 0}
  m_PrefabAsset: {fileID: 0}
  m_GameObject: {fileID: 3992222242618432554}
  m_Material: {fileID: 0}
  m_IsTrigger: 1
  m_Enabled: 1
  serializedVersion: 2
  m_Size: {x: 1.9097757, y: 1.4589154, z: 1}
  m_Center: {x: -0.45488837, y: 0.2294576, z: 0.000000010164895}
--- !u!114 &3992222242618432534
MonoBehaviour:
  m_ObjectHideFlags: 0
  m_CorrespondingSourceObject: {fileID: 0}
  m_PrefabInstance: {fileID: 0}
  m_PrefabAsset: {fileID: 0}
  m_GameObject: {fileID: 3992222242618432554}
  m_Enabled: 1
  m_EditorHideFlags: 0
  m_Script: {fileID: 11500000, guid: 999dba7f6e35298458d0021b6c0cc029, type: 3}
  m_Name: 
  m_EditorClassIdentifier: 
  selectTag: Player
  enterActions:
  - {fileID: 3992222242618432535}
  exitActions:
  - {fileID: 3992222242618432529}
--- !u!114 &3992222242618432535
MonoBehaviour:
  m_ObjectHideFlags: 0
  m_CorrespondingSourceObject: {fileID: 0}
  m_PrefabInstance: {fileID: 0}
  m_PrefabAsset: {fileID: 0}
  m_GameObject: {fileID: 3992222242618432554}
  m_Enabled: 1
  m_EditorHideFlags: 0
  m_Script: {fileID: 11500000, guid: a2a41725acc4be740bc8e423d00a6ae7, type: 3}
  m_Name: 
  m_EditorClassIdentifier: 
  questUI: {fileID: 8081027504934281144, guid: e1df7e5532337444fb27db3d10d28bc0, type: 3}
  parentPanel: {fileID: 0}
  missionObjectiveText: Find and talk to your teammates your teammates
  missionDescription: to find your teammates you need to go around and talk to the
    npcs
  objectif: 4
  id_quest: 0
--- !u!114 &3992222242618432529
MonoBehaviour:
  m_ObjectHideFlags: 0
  m_CorrespondingSourceObject: {fileID: 0}
  m_PrefabInstance: {fileID: 0}
  m_PrefabAsset: {fileID: 0}
  m_GameObject: {fileID: 3992222242618432554}
  m_Enabled: 1
  m_EditorHideFlags: 0
  m_Script: {fileID: 11500000, guid: 5b934718a4666c043b57ab04ea2421c8, type: 3}
  m_Name: 
  m_EditorClassIdentifier: 
  deleteActionList:
  - {fileID: 3992222242618432535}
  newActions: []
